 Dungeon Crawl Stone Soup version 0.32-a0-818-gb728d0252e (webtiles) character file.

Game seed: 6976258212266164301

6112 peachesNpie the Severer (level 10, -2/135 HPs)
             Began as a Minotaur Berserker on Mar 23, 2024.
             Was a Priest of Trog.
             Slain by a tengu warrior
             ... wielding a +0 war axe
              (4 damage)
             ... on level 8 of the Dungeon.
             The game lasted 00:25:12 (7035 turns).

peachesNpie the Severer (Minotaur Berserker)        Turns: 7035, Time: 00:25:13

Health: -2/135     AC: 13    Str: 24    XL:     10   Next: 58%
Magic:  9/9        EV: 10    Int:  6    God:    Trog [***...]
Gold:   359        SH:  5    Dex: 10    Spells: 9/9 levels left

rFire   . . .        b - +0 hand axe (heavy)
rCold   . . .        (no shield)
rNeg    . . .        o - +0 scale mail
rPois   .            (helmet restricted)
rElec   .            (no cloak)
rCorr   .            I - +1 pair of gloves
SInv    .            (no boots)
Will    ++...        k - amulet of reflection Stlth
                     n - +4 ring of protection
HPRegen 1.42/turn    (no ring)
MPRegen 0.11/turn

%: reflection
@: berserking, strong-willed, regenerating, slowed
A: horns 2, retaliatory headbutt
a: Renounce Religion, Berserk, Trog's Hand


You were on level 8 of the Dungeon.
You worshipped Trog.
Trog was most pleased with you.
You visited 1 branch of the dungeon, and saw 8 of its levels.

You collected 359 gold pieces.

Inventory:

Hand Weapons
 a - a +0 hand axe
 b - a +0 heavy hand axe (weapon)
 t - a +0 battleaxe
Missiles
 r - 12 poisoned darts
 u - a throwing net (quivered)
 H - 5 darts of dispersal
Armour
 f - a +0 ring mail
 o - a +0 scale mail (worn)
 I - a +1 pair of gloves (worn)
Jewellery
 k - an amulet of reflection (around neck)
 n - a +4 ring of protection (left hand)
 B - an amulet of guardian spirit
 J - a +5 ring of evasion
Wands
 i - a wand of mindburst (18)
 s - a wand of polymorph (21)
 z - a wand of charming (10)
 F - a wand of digging (10)
 G - a wand of roots (12)
 K - a wand of flame (30)
Scrolls
 g - a scroll of blinking {unknown}
 h - a scroll of fog {unknown}
 l - a scroll of noise {unknown}
 m - 3 scrolls of identify
 p - a scroll of immolation
 w - a scroll of vulnerability {unknown}
 x - a scroll of revelation {unknown}
 y - a scroll of silence
 D - 2 scrolls of teleportation
Potions
 c - a potion of haste
 d - a potion of invisibility
 e - a potion of resistance
 j - 2 potions of curing
 q - 2 potions of lignification
 v - a potion of attraction
 A - a potion of might {unknown}
 C - a potion of cancellation
 E - a potion of ambrosia {unknown}


   Skills:
 + Level 8.9 Fighting
 * Level 15.1 Axes
 - Level 5.0 Armour
 - Level 5.0 Dodging
 + Level 4.3 Evocations


You had 9 spell levels left.
You didn't know any spells.
Your spell library was empty.

Dungeon Overview and Level Annotations

Branches:
Dungeon (8/15)             Temple (0/1) D:4
   Lair: D:8-11

Altars:
Hepliaklqana
Wu Jian
The Shining One


Innate Abilities, Weirdness & Mutations

You have a pair of horns on your head.
You reflexively headbutt those who attack you in melee.


Message History

The tengu warrior is moderately wounded.
You slash the centaur warrior! The centaur warrior hits you!
* * * LOW HITPOINT WARNING * * *
The centaur warrior kicks you but does no damage.
You slice the tengu warrior!!
The tengu warrior is severely wounded.
You slash the centaur warrior!
You kill the centaur warrior!
Trog accepts your kill. You block the tengu warrior's attack.
The tengu warrior barely misses you. The tengu warrior claws you.
* * * LOW HITPOINT WARNING * * *
Your Axes skill increases to level 15!
You hit the tengu warrior.
The tengu warrior is severely wounded.
You slash the wraith!
The tengu warrior hits you but does no damage.
The tengu warrior pecks you but does no damage.
The tengu warrior claws you but does no damage.
The wraith hits you!
* * * LOW HITPOINT WARNING * * *
The wraith drains your vigour!
You feel yourself slow down.
You are too berserk!
You slash the tengu warrior!
The tengu warrior is almost dead.
You hit the wraith but do no damage. The tengu warrior barely misses you.
The tengu warrior pecks you but does no damage.
The tengu warrior barely misses you. The wraith hits you but does no damage.
You barely miss the tengu warrior. Your headbutt misses the tengu warrior.
The tengu warrior is almost dead.
You slash the wraith! You barely miss the tengu warrior.
The tengu warrior is almost dead.
You barely miss the wraith.
The tengu warrior hits you with a +0 war axe.
* * * LOW HITPOINT WARNING * * *
The tengu warrior pecks you.
* * * LOW HITPOINT WARNING * * *
The tengu warrior claws you.
You die...

##..## #..# ##...##
##..## #..# ##...##
##..## #<.## ##...###
#..## #######.# #.....##
..## .#...#.## ##.....##
.## '...#.)## ##.....# ##
### ...#..># #...... #
##.######+###W##...##
##....# #
##..#...#(.:#.@.#....#
#...##
###...)...#...#.Q.#....#
##..##
##...##...#$.)#...##...##
##..#
.#...###'#######)###....#
##.#
....###.(.#...#).)##....#
#.. ...##
#...')..')..##....# ##.
#..# #...#...#...###.###
#. ##..# #############
#.# ## #..# #.## #


You could see a tengu warrior and a wraith.

Vanquished Creatures
  A centaur warrior (D:8)
  2 two-headed ogres (D:8)
  An arcanist (D:8)
  A cyclops (D:8)
  A gargoyle (D:8)
  Jeremiah (D:6)
  Sigmund (D:2)
  Menkaure (D:7)
  A water moccasin (D:7)
  Duvessa (D:6)
  2 orc warriors (D:7)
  2 ice beasts
  A black bear (D:5)
  A sky beast (D:6)
  2 ogres
  2 centaurs (D:7)
  2 phantoms (D:5)
  2 kobold brigands
  3 scorpions
  10 wights
  Dowan (D:6)
  A howler monkey (D:5)
  2 bombardier beetles
  A jelly (D:6)
  4 orc priests
  A gnoll bouda (D:6)
  A sleepcap (D:4)
  2 orc wizards
  2 iguanas
  6 adders
  6 gnolls
  A white imp (D:6)
  2 ufetubi (D:7)
  A ribbon worm (D:2)
  9 orcs
  4 endoplasms
  A giant cockroach (D:1)
  5 goblins
  3 hobgoblins
  7 jackals
  3 quokkas
  9 ball pythons
  5 bats
  3 frilled lizards
  19 kobolds
  6 rats
143 creatures vanquished.

Notes
Turn   | Place    | Note
-------+----------+-------------------------------------------
     0 | D:1      | peachesNpie the Minotaur Berserker began the quest for the
                  | Orb.
     0 | D:1      | Reached XP level 1. HP: 19/19 MP: 0/0
    75 | D:1      | Found a faded altar of an unknown god.
    96 | D:1      | Reached skill level 4 in Axes
   302 | D:1      | Reached XP level 2. HP: 24/26 MP: 1/1
  1069 | D:2      | Reached skill level 5 in Axes
  1069 | D:2      | Reached XP level 3. HP: 31/31 MP: 2/2
  1111 | D:2      | Reached ** piety under Trog
  1254 | D:2      | Noticed Sigmund
  1268 | D:2      | Killed Sigmund
  1269 | D:2      | Reached skill level 7 in Axes
  1269 | D:2      | Reached XP level 4. HP: 26/39 MP: 3/3
  1269 | D:2      | Reached XP level 5. HP: 30/45 MP: 4/4
  1489 | D:2      | Reached skill level 8 in Axes
  1887 | D:3      | Reached XP level 6. HP: 48/51 MP: 5/5
  2184 | D:4      | Found a staircase to the Ecumenical Temple.
  2329 | D:4      | Found a glowing golden altar of the Shining One.
  2453 | D:4      | Found a hazy altar of Hepliaklqana.
  2591 | D:4      | Reached skill level 9 in Axes
  2854 | D:4      | Reached XP level 7. HP: 39/57 MP: 6/6
  3182 | D:5      | Entered Level 5 of the Dungeon
  3259 | D:5      | Reached skill level 10 in Axes
  3394 | D:5      | Reached *** piety under Trog
  3669 | D:5      | Reached XP level 8. HP: 61/64 MP: 7/7
  4204 | D:6      | Reached skill level 11 in Axes
  4273 | D:6      | Noticed Jeremiah
  4318 | D:6      | HP: 1/53 [Jeremiah/divine providence (10)]
  4905 | D:6      | Reached skill level 5 in Armour
  5302 | D:6      | Killed Jeremiah
  5303 | D:6      | Reached skill level 12 in Axes
  5303 | D:6      | Reached skill level 5 in Dodging
  5475 | D:6      | Reached XP level 9. HP: 44/69 MP: 8/8
  5646 | D:7      | Reached skill level 13 in Axes
  5968 | D:7      | Reached skill level 14 in Axes
  6058 | D:7      | Noticed Dowan
  6058 | D:7      | Noticed Duvessa
  6082 | D:6      | Killed Duvessa
  6083 | D:6      | Reached skill level 1 in Evocations
  6085 | D:6      | Killed Dowan
  6268 | D:7      | Reached skill level 5 in Fighting
  6421 | D:7      | Noticed Menkaure
  6426 | D:7      | Killed Menkaure
  6792 | D:8      | Found an ornate altar of the Wu Jian Council.
  6860 | D:8      | Noticed an arcanist
  6864 | D:8      | Killed an arcanist
  6869 | D:8      | Noticed a cyclops
  6876 | D:8      | Killed a cyclops
  6877 | D:8      | Reached XP level 10. HP: 81/86 MP: 9/9
  6893 | D:8      | Noticed a two-headed ogre
  6898 | D:8      | Killed a two-headed ogre
  6899 | D:8      | Noticed a tengu warrior
  6902 | D:8      | Noticed a gargoyle
  6906 | D:8      | Killed a gargoyle
  6910 | D:8      | Noticed a two-headed ogre
  6922 | D:8      | Killed a two-headed ogre
  7018 | D:8      | Noticed a centaur warrior
  7031 | D:8      | Killed a centaur warrior
  7032 | D:8      | Reached skill level 15 in Axes
  7035 | D:8      | HP: 5/135 [tengu warrior/+0 war axe (5)]
  7035 | D:8      | HP: 2/135 [tengu warrior/+0 war axe (3)]
  7035 | D:8      | Slain by a tengu warrior

Illustrated notes

Levels and vault maps discovered:
D:1:      lightli_iron_boxes, layout_loops_corners,
          nicolae_ecumenical_snake_handling
D:2:      layout_basic, uniq_sigmund
D:3:      layout_rooms
D:4:      layout_gridville, old_standard_altar,
          mainiacjoe_overflow_cross_hatched, temple_green
D:5:      minmay_skewed_foursquare, layout_basic
D:6:      layout_gridville, uniq_jeremiah
D:7:      layout_rooms, uniq_duvessa, uniq_menkaure
D:8:      layout_cave_pods, kennysheep_mini_moat,
          nicolae_overflow_crystal_walls,
          mainiacjoe_overflow_concentric_impassable, david_lair_generic,
          minmay_evil_grid, uniq_gastronok, uniq_pikel, uniq_joseph

Skill      XL: |  1  2  3  4  5  6  7  8  9 10 |
---------------+-------------------------------+-----
Axes           | 4 5 7 8 9 10 12 14 15 | 15.1
Armour         | 4 5 |  5.0
Dodging        | 3 5 |  5.0
Fighting       | 7 8 |  8.9
Evocations     | 2 4 |  4.3

Action                     |  1- 3 |  4- 6 |  7- 9 | 10-12 || total
---------------------------+-------+-------+-------+-------++-------
  Melee: Hand axe          |    68 |    80 |   204 |    37 ||   389
         Headbutt          |    11 |    14 |    36 |     5 ||    66
 Invoke: Trog's Hand       |     1 |       |     4 |     1 ||     6
         Berserk           |       |       |     2 |     1 ||     3
    Use: Scroll            |       |     2 |    12 |       ||    14
         Potion            |       |       |     2 |       ||     2
 Armour: Animal skin       |    21 |       |       |       ||    21
         Ring mail         |    18 |    28 |       |       ||    46
         Scale mail        |       |    29 |   195 |    55 ||   279
  Dodge: Dodged            |    44 |    37 |    98 |    18 ||   197
  Block: Other             |       |     4 |    53 |    12 ||    69
         Reflection        |       |       |     5 |     1 ||     6

Table legend: (Time is in decaauts)
 A = Elapsed time spent in this place.
 B = Non-inter-level travel time spent in this place.
 C = Inter-level travel time spent in this place.
 D = Time resting spent in this place.
 E = Time spent auto-exploring this place.
 F = Levels seen in this place.
 G = Mean time per level.
                   A        B        C        D        E       F      G
               +--------+--------+--------+--------+--------+-----+--------+
         Total |   7081 |   6820 |    261 |   1288 |   4487 |   8 |  885.1 |
       Dungeon |   7081 |   6820 |    261 |   1288 |   4487 |   8 |  885.1 |
               +--------+--------+--------+--------+--------+-----+--------+

Top non-repeatable levels by time:
     D:6: 1505 daAuts
     D:5: 1098 daAuts
     D:4: 1032 daAuts
     D:1: 987 daAuts
     D:7: 920 daAuts
     D:2: 777 daAuts
     D:3: 398 daAuts
     D:8: 361 daAuts
